 Dungeon Crawl Stone Soup version 0.29.0-4-gdea44cf6ec (webtiles) character file.

Game seed: 5097987169683105362

38 qw the Chopper (level 3, 0/29 HPs)
             Began as a Barachi Chaos Knight on Sept 6, 2022.
             Slain by Robin
             ... wielding a +0 whip
              (8 damage)
             ... on level 2 of the Dungeon.
             The game lasted 00:00:32 (1067 turns).

qw the Chopper (Barachi Chaos Knight)               Turns: 1067, Time: 00:00:32

Health: 0/29       AC:  5    Str: 15    XL:     3   Next: 43%
Magic:  3/3        EV: 11    Int: 12    God:
Gold:   14         SH:  5    Dex: 11    Spells: 2/2 levels left

rFire   . . .      SeeInvis .   Y - +0 hand axe (chaos)
rCold   . . .      Faith    .   (no shield)
rNeg    . . .      Spirit   .   b - +2 leather armour
rPois   .          Reflect  +   (no helmet)
rElec   .          Harm     .   (no cloak)
rCorr   .          Rampage  .   (no gloves)
Will    .....                   (no boots)
Stlth   +.........              d - amulet of reflection
HPRegen 0.09/turn               (no ring)
MPRegen 0.08/turn               (no ring)

@: slow
A: amphibious, slowness 1, strong legs 1, +LOS
a: Hop


You were on level 2 of the Dungeon.
You visited 1 branch of the dungeon, and saw 2 of its levels.

You collected 14 gold pieces.


Innate Abilities, Weirdness & Mutations

You are amphibious.
You cover ground slowly.
You can hop short distances.
You have an extended range of vision and can be seen from far away.


   Skills:
 - Level 3.6 Fighting
 + Level 4.8 Axes
 - Level 2.4 Armour
 - Level 1.1 Dodging


You had 2 spell levels left.
You didn't know any spells.
Your spell library was empty.

Inventory:

Hand Weapons
 k - a +0 mace
 Y - a +0 hand axe of chaos (weapon)
Armour
 b - a +2 leather armour (worn)
Jewellery
 d - an amulet of reflection (around neck)
 g - a ring of fire
Potions
 e - a potion of degeneration {unknown}
 j - a potion of haste {unknown}
Miscellaneous
 c - a piece from Xom's chessboard (15/15)

Dungeon Overview and Level Annotations

Branches:
Dungeon (2/15)

Altars:

Annotations:
D:2 Robin


Message History

Something hits you but does no damage.
Things that are here:
a +0 dagger; a goblin corpse Something throws the goblin at you!
You barely miss the goblin. You block the goblin's attack.
You closely miss the goblin. You barely miss something.
Something throws the goblin at you! The goblin misses you.
You hit the goblin. You freeze the goblin.
You kill the goblin!
You hit something but do no damage. You barely miss the goblin.
Something hits you but does no damage. The goblin hits you with a +0 club.
You hit the goblin.
You feel better.
The goblin is moderately wounded.
You hit something but do no damage.
Nothing appears to happen.
You block something's attack. The goblin hits you but does no damage.
You completely miss the goblin.
The goblin is moderately wounded.
You closely miss something. The goblin hits you but does no damage.
Something hits you but does no damage.
You hit the goblin.
The goblin is severely wounded.
You barely miss something. Something completely misses you.
The goblin barely misses you.
You completely miss the goblin.
The goblin is severely wounded.
You closely miss something. Something hits you!
The goblin hits you but does no damage.
You hit the goblin.
You kill the goblin!
You hit something. Something hits you but does no damage.
You barely miss something. Something hits you.
You closely miss something. Something hits you!
You barely miss something. Something hits you!
You die...
Xom yawns loudly!

#..........# ...#
#.#........# ...#
#.#........# ...#
#.#........# ...#
#.#........###...#
#.#######........#
#.# #........# #.#
#..))..###
#.#######..@...#
##+#.......){)..#
#........###)####
#..........#..)gg....
#..........#########.
#....>.....#
#..........#
#..........#
########...#


There were no monsters in sight!

Vanquished Creatures
  2 dart slugs
  4 endoplasms (D:1)
  3 giant cockroaches (D:1)
  8 goblins
  3 hobgoblins (D:1)
  A ball python (D:1)
  4 bats (D:1)
  A frilled lizard (D:1)
  2 kobolds (D:1)
  2 rats (D:2)
30 creatures vanquished.

Notes
Turn   | Place    | Note
-------+----------+-------------------------------------------
     0 | D:1      | qw the Barachi Chaos Knight began the quest for the Orb.
     0 | D:1      | Reached XP level 1. HP: 18/18 MP: 1/1
     0 | D:1      | 0 ||| qw: Version: 0.1-a-107-g9ff403c
     0 | D:1      | 0 ||| qw: Game counter: 6042
     0 | D:1      | 0 ||| qw: Always use a shield: true
     0 | D:1      | 0 ||| qw: God list: Okawaru
     0 | D:1      | 0 ||| qw: Allow faded altars: false
     0 | D:1      | 0 ||| qw: Do Orc after D:15 true
     0 | D:1      | 0 ||| qw: Do second Lair branch before Depths: true
     0 | D:1      | 0 ||| qw: Lair rune preference: random
     0 | D:1      | 0 ||| qw: Plans: Normal
     0 | D:1      | 0 ||| PLANNING D:1-11
     0 | D:1      | Fell from the grace of Xom
   115 | D:1      | 115 ||| Stepping ~*~*~tactically~*~*~ (stealth).
   176 | D:1      | 176 ||| UPGRADING to amulet of reflection.
   186 | D:1      | Reached XP level 2. HP: 24/24 MP: 2/2
   213 | D:1      | 213 ||| Stepping ~*~*~tactically~*~*~ (stealth).
   221 | D:1      | Reached skill level 4 in Axes
   322 | D:1      | 322 ||| DROPPING +0 club.
   354 | D:1      | Found a faded altar of an unknown god.
   477 | D:1      | Reached XP level 3. HP: 29/29 MP: 3/3
   509 | D:1      | XOM: torment (16/29 hp)
   853 | D:1      | 853 ||| READING scroll labelled FYIGOYSM APTA.
   854 | D:1      | 854 ||| READING scroll labelled XAG POAKKO.
   857 | D:1      | 857 ||| READING scroll labelled JAURESKYANE.
   858 | D:1      | 858 ||| READING scroll labelled DYAMAPR TEETHE.
   880 | D:2      | 880 ||| Stepping ~*~*~tactically~*~*~ (hiding).
   889 | D:2      | 889 ||| Stepping ~*~*~tactically~*~*~ (stealth).
   894 | D:2      | 894 ||| Stepping ~*~*~tactically~*~*~ (hiding).
  1044 | D:2      | Noticed Robin
  1045 | D:2      | 1045 ||| Stepping ~*~*~tactically~*~*~ (hiding).
  1055 | D:2      | 1055 ||| FLEEEEING.
  1067 | D:2      | Slain by Robin

Levels and vault maps discovered:
D:1:      dpeg_arrival_tiny_a, layout_basic, ebering_ecumenical_altar_abandoned,
          due_unseen_surprise
D:2:      layout_basic, uniq_terence, uniq_sigmund, uniq_robin

Skill      XL: |  1  2 |
---------------+-------+-----
Axes           | 4 |  4.8
Fighting       | |  3.6
Armour         | |  2.4
Dodging        | |  1.1

Action                   || total
-------------------------++-------
Melee: Hand axe          ||    86
Invok: Renounce Religion ||     1
  Use: Scroll            ||     4
Armor: Leather armour    ||    36
Dodge: Dodged            ||    37
Block: Other             ||    14
       Reflection        ||     1

Table legend:
 A = Non-vault XP
 B = Vault XP
 C = Vault XP percentage of total XP
 D = Non-vault monster count
 E = Vault monster count
 F = Vault count percentage of total count
                 A         B        C        D         E       F
            +---------+---------+-------+---------+---------+-------
      Total |      42 |      13 |  23.6 |      23 |       7 |  23.3
            +---------+---------+-------+---------+---------+-------
        D:1 |      36 |       0 |   0.0 |      20 |       0 |   0.0
        D:2 |       6 |      13 |  68.4 |       3 |       7 |  70.0
            +---------+---------+-------+---------+---------+-------
